 Dungeon Crawl Stone Soup version 0.31-a0-446-g07c4bd200f (console) character file.

Game seed: 11641012640334218437

163 Lexodia the Conjurer (level 5, -9/28 HPs)
             Began as a Tengu Fire Elementalist on Aug 3, 2023.
             Mangled by a hornet (13 damage)
             ... on level 4 of the Dungeon.
             The game lasted 00:04:49 (2500 turns).

Lexodia the Conjurer (Tengu Fire Elementalist)      Turns: 2500, Time: 00:04:50

Health: -9/28      AC:  2    Str: 15    XL:     5   Next: 44%
Magic:  13/18      EV: 14    Int: 17    God:
Gold:   70         SH:  0    Dex: 14    Spells: 5/8 levels left

rFire   . . .        j - +9 dagger of the Genius {freeze, MP+9}
rCold   . . .        (no shield)
rNeg    . . .        a - +0 robe
rPois   .            (helmet restricted)
rElec   .            (no cloak)
rCorr   .            (no gloves)
SInv    .            (boots unavailable)
Will    .....        (no amulet)
Stlth   ++           g - +6 ring of strength
HPRegen 0.24/turn    (no ring)
MPRegen 0.16/turn

%: no passive effects
@: brilliant, lethally poisoned (-9 -> -20), flying quickly and evasively, very
slightly contaminated, slowed, very slow
A: beak, talons 3, nimble flight
a: no special abilities


You were on level 4 of the Dungeon.
You visited 1 branch of the dungeon, and saw 4 of its levels.

You collected 70 gold pieces.

Inventory:

Hand Weapons
 d - a +0 whip
 j - the +9 dagger of the Genius (weapon) {freeze, MP+9}
   (You found it on level 2 of the Dungeon)

   MP:        It affects your magic capacity (+9).
Armour
 a - a +0 robe (worn)
Magical Staves
 i - a staff of cold
Jewellery
 g - a +6 ring of strength (left hand)
Wands
 k - a wand of paralysis (4)
Scrolls
 c - a scroll of identify {unknown}
 e - 2 scrolls of teleportation {unknown}
 f - a scroll of brand weapon {unknown}
 h - a scroll of amnesia {unknown}
Potions
 b - a potion of magic


   Skills:
 + Level 2.0 Short Blades
 - Level 2.0 Maces & Flails
 - Level 2.1 Dodging
 - Level 2.0 Stealth
 - Level 2.0 Spellcasting
 + Level 5.5 Conjurations
 - Level 3.2 Fire Magic


You had 5 spell levels left.
You knew the following spells:

 Your Spells              Type           Power      Damage    Failure   Level
a - Foxfire               Conj/Fire      100%       2x1d9     3%          1
b - Scorch                Fire           38%        2d6       8%          2

Your spell library contained the following spells:

 Spells                   Type           Power      Damage    Failure   Level
 Inner Flame              Hex/Fire       10%        N/A       30%         3
 Volatile Blastmotes      Fire/Tloc      20%        2d11      30%         3
 Flame Wave               Conj/Fire      25%        2d8       30%         4


Dungeon Overview and Level Annotations

Branches:
Dungeon (4/15)
 Temple: D:4-7

Altars:
Uskayaw

Shops:
D:3 :


Innate Abilities, Weirdness & Mutations

You have a beak for a mouth.
You have claws for feet.
Your magical nature lets you fly swiftly and evasively.


Message History

You kill the hobgoblin!
The foxfire hits the hornet but does no damage.
A hobgoblin comes into view.
You hit the hornet. You freeze the hornet. Your peck misses the hornet.
The hornet is lightly wounded.
The hornet stings you.
You feel yourself slow down.
Damage: -14%(-4hp) hp: 86%(24hp)
Casting: Foxfire (safe; 3% risk of failure)
Confirm with . or Enter, or press ? or * to list all spells.
Flames lash the hornet.
The hornet is moderately wounded.
The hornet's fire resistance burns away.
The hornet stings you!
Ouch! That really hurt!
You feel as though you will be slow longer.
The hornet barely misses you. The giant cockroach barely misses you.
Huge Dmg: -50%(-14hp) hp: 36%(10hp)
Casting: Scorch (safe; 8% risk of failure)
Confirm with . or Enter, or press ? or * to list all spells.
Okay, then.
It was a potion of brilliance.
You feel clever all of a sudden. The hornet stings you.
You feel as though you will be slow longer.
The hornet barely misses you.
The giant cockroach bites you but does no damage.
The hornet misses you.
Casting: Scorch (safe; 8% risk of failure)
Confirm with . or Enter, or press ? or * to list all spells.
You feel a surge of power!
You miscast Scorch.
You are very lightly contaminated with residual magic.
Nothing appears to happen.
The hornet is no longer more vulnerable to fire.
The giant cockroach misses you. The hornet stings you.
* * * LOW HITPOINT WARNING * * *
You are lethally poisoned!
You feel as though you will be slow longer.
The giant cockroach bites you but does no damage.
The hornet stings you!
You die...

#.....#.#....)....
#.....#....8.....8
#......._.........
#.....# ...8.....8
#.....# #.........
#######.....# .g..8.8..
......#.....####yB......
.####.#.........@# .#
#<#...#+######
.########.# ..........#
###########


You could see a hornet, a giant cockroach and a hobgoblin.

Vanquished Creatures
  A howler monkey (D:4)
  An iguana (D:2)
  4 gnolls (D:2)
  An adder (D:2)
  2 worms
  2 dart slugs
  4 endoplasms
  3 giant cockroaches
  A goblin (D:2)
  5 hobgoblins
  4 jackals (D:1)
  5 kobolds (D:1)
  A quokka (D:2)
  2 ball pythons (D:1)
  5 bats
  A frilled lizard (D:1)
  2 rats (D:2)
44 creatures vanquished.

Vanquished Creatures (others)
  111 foxfires
111 creatures vanquished.

Grand Total: 155 creatures vanquished

Notes
Turn   | Place    | Note
-------+----------+-------------------------------------------
     0 | D:1      | Lexodia the Tengu Fire Elementalist began the quest for the
                  | Orb.
     0 | D:1      | Reached XP level 1. HP: 10/10 MP: 4/4
    87 | D:1      | Huge Dmg: 3 dmg
    89 | D:1      | Reached skill level 2 in Conjurations
    91 | D:1      | Huge Dmg: 3 dmg
   282 | D:1      | Reached XP level 2. HP: 13/15 MP: 4/6
   358 | D:1      | Huge Dmg: 4 dmg
   367 | D:1      | Reached skill level 1 in Maces & Flails
   510 | D:1      | Reached skill level 3 in Conjurations
   650 | D:1      | Reached XP level 3. HP: 19/19 MP: 3/7
  1291 | D:2      | Huge Dmg: 8 dmg
  1345 | D:2      | Learned a level 2 spell: Scorch
  1353 | D:2      | Reached skill level 4 in Conjurations
  1420 | D:2      | Huge Dmg: 8 dmg
  1421 | D:2      | Reached XP level 4. HP: 11/24 MP: 1/8
  1575 | D:2      | Found a faded altar of an unknown god.
  1879 | D:2      | Identified the +9 dagger of the Genius {freeze, MP+9}
  2069 | D:2      | Reached skill level 1 in Short Blades
  2069 | D:2      | Reached skill level 5 in Conjurations
  2291 | D:2      | Gained mutation: Your magical nature lets you fly swiftly
                  | and evasively. [Tengu growth]
  2291 | D:2      | Reached XP level 5. HP: 27/28 MP: 9/9
  2401 | D:3      | Found Viusu's Book Shop.
  2492 | D:4      | Noticed a hornet
  2494 | D:4      | Found a hide-covered altar of Uskayaw.
  2499 | D:4      | Huge Dmg: 14 dmg
  2500 | D:4      | Mangled by a hornet

Illustrated notes

Levels and vault maps discovered:
D:1:      nzn_arrival_water_spiral, layout_basic, chequers_serial_rivers_large_a
D:2:      layout_basic, shapermc_ecumenical_altar_pompeii
D:3:      layout_rooms, mainiacjoe_overflow_cross_hatched, serial_shops, shop
D:4:      layout_basic, nicolae_uskayaw_dance_hall

Skill      XL: |  1  2  3  4  5 |
---------------+----------------+-----
Conjurations   | 2 3 4 5 |  5.5
Maces & Flails | 1 2 |  2.0
Short Blades   | 1 2 |  2.0
Dodging        | |  2.1
Stealth        | |  2.0
Spellcasting   | |  2.0
Fire Magic     | |  3.2

Action                     |  1- 3 |  4- 6 || total
---------------------------+-------+-------++-------
  Melee: Whip              |    26 |     1 ||    27
         Kick              |    10 |     1 ||    11
         Unarmed           |     1 |       ||     1
         Punch             |     1 |       ||     1
         Peck              |     2 |       ||     2
         Dagger            |       |     4 ||     4
   Cast: Foxfire           |    41 |    27 ||    68
         Scorch            |     5 |     9 ||    14
    Use: Potion            |       |     1 ||     1
   Stab: Sleeping          |     2 |       ||     2
 Armour: Robe              |    11 |     4 ||    15
  Dodge: Dodged            |    39 |    12 ||    51

Table legend: (Time is in decaauts)
 A = Elapsed time spent in this place.
 B = Non-inter-level travel time spent in this place.
 C = Inter-level travel time spent in this place.
 D = Time resting spent in this place.
 E = Time spent auto-exploring this place.
 F = Levels seen in this place.
 G = Mean time per level.
                   A        B        C        D        E       F      G
               +--------+--------+--------+--------+--------+-----+--------+
         Total |   2503 |   2380 |    123 |     42 |   2002 |   4 |  625.8 |
       Dungeon |   2503 |   2380 |    123 |     42 |   2002 |   4 |  625.8 |
               +--------+--------+--------+--------+--------+-----+--------+

Top non-repeatable levels by time:
     D:1: 1320 daAuts
     D:2: 1032 daAuts
     D:4: 82 daAuts
     D:3: 67 daAuts
